 Dungeon Crawl Stone Soup version 0.18.1-8-gdd0e5ea (webtiles) character file.

417 M4edhros the Insei (level 6, -2/36 HPs)
             Began as an Octopode Necromancer on May 25, 2016.
             Slain by Duvessa
             ... wielding a +0 short sword
              (6 damage)
             ... on level 5 of the Dungeon.
             The game lasted 00:09:53 (1452 turns).

M4edhros the Insei (Octopode Necromancer)           Turns: 1452, Time: 00:09:54

Health: -2/36      AC:  1    Str:  8    XL:     6   Next: 93%
Magic:  6/9        EV: 18    Int: 17    God:
Gold:   143        SH:  0    Dex: 19    Spells: 3 memorised, 4 levels left

rFire  + . .     SeeInvis .       - Unarmed
rCold  . . .     Gourm    .     (no shield)
rNeg   . . .     Faith    .     (helmet restricted)
rPois  .         Spirit   .     (no amulet)
rElec  .         Dismiss  .     c - ring of wizardry
rCorr  .         Reflect  .     e - ring of sustain attributes
SustAt +         Harm     .     h - ring of protection from fire
MR     .....                    (no ring)
Stlth  +++++.....               (no ring)
                                (no ring)
                                (no ring)
                                (no ring)

@: agile, flying, very slightly contaminated, starving, not resistant to hostile
enchantments, quite stealthy
A: almost no armour, amphibious, 8 rings, constrict 8, camouflage 1, gelatinous
body 1
a: no special abilities


You were on level 5 of the Dungeon.
You were starving.

You visited 1 branch of the dungeon, and saw 5 of its levels.
You also visited: Sewer.

You collected 143 gold pieces.

Inventory:

Hand Weapons
 g - a +0 hunting sling
Missiles
 i - 78 stones (quivered)
Armour
 j - a +0 large shield
Magical Staves
 f - an uncursed staff of fire
Jewellery
 c - a ring of wizardry (left tentacle)
 e - a ring of sustain attributes (right tentacle)
 h - a ring of protection from fire (on tentacle)
Scrolls
 d - a scroll of random uselessness
Potions
 l - a potion of agility
 m - a potion of degeneration
Books
 a - a book of Necromancy

   Spells                             Type                      Level
   a - Pain                           Necromancy                   1
   b - Animate Skeleton               Necromancy                   1
   c - Vampiric Draining              Necromancy                   3
   d - Regeneration                   Charms/Necromancy            3
   e - Animate Dead                   Necromancy                   4
   f - Control Undead                 Necromancy                   4
Comestibles
 b - 4 bread rations
 o - a meat ration


   Skills:
 - Level 2.0 Dodging
 - Level 2.6 Stealth
 + Level 6.8 Unarmed Combat
 - Level 2.0 Spellcasting
 - Level 4.0 Necromancy


You had 4 spell levels left.
You knew the following spells:

 Your Spells              Type           Power        Failure   Level  Hunger
a - Pain                  Necr           ###.         1%          1    #......
b - Animate Skeleton      Necr           N/A          1%          1    #......
r - Regeneration          Chrm/Necr      #.........   10%         3    ###....


Dungeon Overview and Level Annotations

Branches:
Dungeon (5/15)
 Temple: D:4-7

Altars:
Elyvilon
Makhleb
Pakellas
The Shining One

Annotations:
D:2 Ijyb, Sigmund
D:5 Dowan, Duvessa, Edmund


Innate Abilities, Weirdness & Mutations

You cannot wear most types of armour.
You are amphibious.
You can wear up to eight rings at the same time.
You can use your tentacles to constrict eight enemies at once.
Your skin changes colour to match your surroundings (Stealth).
Your rubbery body absorbs attacks (AC +1).


Message History

As you read the scroll labeled YLIRYQE ZIGI, it crumbles to dust.
It is a scroll of identify.
Identify which item? (\ to view known items) (? for menu, Esc to quit)
d - a scroll of random uselessness Duvessa barely misses you.
Read which item? (? for menu, Esc to quit)
As you read the scroll labeled VAFOCW XOQENN, it crumbles to dust.
You feel blessed for a moment.
It was a scroll of remove curse.
Duvessa misses you.
Sorry, you're not good enough to have a special ability.
Casting: Regeneration
Confirm with . or Enter, or press ? or * to list all spells.
You miscast Regeneration.
You are very lightly contaminated with residual magic.
Nothing appears to happen.
You are starving!
Duvessa hits you with a short sword.
* * * LOW HITPOINT WARNING * * *
Duvessa hits you with a short sword.
You die...

#. #.# #.####### #....@ee#
### ########.#####)# ##
...##......#.....ยง.# ..#
...........#.......# ...#
...................# .....
.............#.....##...##.
...........................
#....####....##.....#.#'###
#....# ####+##.....# e.


You could see Duvessa and Dowan.

Vanquished Creatures
  Eustachio (D:5)
  A howler monkey (D:4)
  A hound (D:4)
  An iguana (D:5)
  2 worker ants (D:4)
  A howler monkey skeleton (D:5)
  3 adders (D:3)
  8 oozes
  5 worms
  A giant gecko (D:3)
  2 bats
  A giant cockroach (D:1)
  5 goblins (D:3)
  4 jackals (Sewer)
  A quokka (D:2)
  3 ball pythons (Sewer)
  3 giant newts
  A kobold (D:3)
  A rat (D:3)
45 creatures vanquished.

Vanquished Creatures (collateral kills)
  An adder (D:3)
  A bat (D:3)
  2 giant cockroaches
4 creatures vanquished.

Grand Total: 49 creatures vanquished

Notes
Turn   | Place    | Note
--------------------------------------------------------------
     0 | D:1      | M4edhros the Octopode Necromancer began the quest for the Orb.
     0 | D:1      | Reached XP level 1. HP: 11/11 MP: 3/3
    46 | D:1      | Reached skill level 1 in Unarmed Combat
    56 | D:1      | You fall through a shaft!
    78 | D:2      | nice shaft
    87 | D:2      | Reached XP level 2. HP: 10/17 MP: 3/5
    90 | D:2      | Learned a level 1 spell: Animate Skeleton
    95 | D:2      | Noticed Ijyb
    98 | D:2      | Noticed Sigmund
   182 | D:3      | Reached skill level 2 in Unarmed Combat
   190 | D:3      | Reached XP level 3. HP: 21/21 MP: 6/6
   214 | D:3      | Learned a level 3 spell: Regeneration
   262 | D:3      | Found a white marble altar of Elyvilon.
   295 | D:3      | Reached skill level 3 in Unarmed Combat
   296 | D:3      | Found a glowing drain.
   308 | Sewer    | Entered a sewer
   382 | Sewer    | Reached XP level 4. HP: 17/27 MP: 1/7
   594 | Sewer    | Reached skill level 4 in Unarmed Combat
   933 | D:3      | Reached XP level 5. HP: 23/31 MP: 8/8
   957 | D:3      | Found a burning altar of Makhleb.
   957 | D:3      | Noticed a green death
   960 | D:3      | Noticed an orange demon
   960 | D:3      | Noticed a ynoxinul
  1095 | D:4      | Reached skill level 5 in Unarmed Combat
  1120 | D:4      | Found a glowing golden altar of the Shining One.
  1126 | D:4      | Found an oddly glowing altar of Pakellas.
  1251 | D:5      | Entered Level 5 of the Dungeon
  1253 | D:5      | Noticed Eustachio
  1255 | D:5      | Noticed Edmund
  1262 | D:4      | Reached XP level 6. HP: 31/36 MP: 9/9
  1296 | D:5      | Noticed Duvessa
  1425 | D:5      | Noticed Dowan
  1447 | D:5      | Killed Eustachio
  1447 | D:5      | Reached skill level 6 in Unarmed Combat
  1452 | D:5      | Slain by Duvessa

Skill      XL: |  1  2  3  4  5  6 |
---------------+-------------------+-----
Unarmed Combat | 1 2 3 4 5 6 |  6.8
Dodging        | |  2.0
Stealth        | |  2.6
Spellcasting   | |  2.0
Necromancy     | |  4.0

Action                   |  1- 3 |  4- 6 || total
-------------------------+-------+-------++-------
Melee: Unarmed           |    42 |    99 ||   141
       Constrict         |     5 |    21 ||    26
       Tentacles         |     5 |    16 ||    21
       Punch             |       |     6 ||     6
Throw: Stone             |     1 |       ||     1
 Cast: Pain              |    11 |     8 ||    19
       Animate Skeleton  |     8 |     2 ||    10
       Regeneration      |     2 |    12 ||    14
  Use: Potion            |     1 |     4 ||     5
       Scroll            |       |     3 ||     3
 Stab: Sleeping          |     3 |     5 ||     8
  Eat: Chunk             |       |     3 ||     3
Armor: Skin              |    44 |     4 ||    48
Dodge: Dodged            |    30 |    65 ||    95
